 Dungeon Crawl Stone Soup version 0.23-a0-386-g9c9d49f623 (webtiles) character file.

170 LostNumber the Cutter (level 5, -2/32 HPs)
             Began as a Kobold Assassin on Oct 29, 2018.
             Was an Initiate of Okawaru.
             Killed from afar by an orc wizard (7 damage)
             ... with a magic dart
             ... on level 4 of the Dungeon.
             The game lasted 00:07:55 (3643 turns).

LostNumber the Cutter (Kobold Assassin)             Turns: 3643, Time: 00:07:55

Health: -2/32      AC:  6    Str:  9    XL:     5   Next: 80%
Magic:  0/5        EV: 12    Int: 13    God:    Okawaru [......]
Gold:   270        SH:  0    Dex: 16    Spells: 4/4 levels left

rFire    . . .     SeeInvis .   u - +0 dagger (venom)
rCold    . . .     Gourm    .   (shield restricted)
rNeg     . . .     Faith    .   j - +0 ring mail
rPois    .         Spirit   +   q - +0 helmet
rElec    .         Reflect  .   y - scarf {Spirit}
rCorr    .         Harm     .   (no gloves)
MR       .....                  (no boots)
Stlth    ++........             (no amulet)
HPRegen  0.10/turn              (no ring)
MPRegen  0.09/turn              (no ring)

@: no status effects
A: small, carnivore
a: Renounce Religion


You were on level 4 of the Dungeon.
You worshipped Okawaru.
Okawaru was noncommittal.
You were not hungry.

You visited 2 branches of the dungeon, and saw 5 of its levels.

You collected 270 gold pieces.

Inventory:

Hand Weapons
 a - a +2 dagger
 b - a +0 blowgun
 u - a +0 dagger of venom (weapon)
Missiles
 e - 6 poisoned needles
 f - 2 curare-tipped needles
Armour
 c - a +0 robe
 d - a +0 cloak
 j - a +0 ring mail (worn)
 q - a +0 helmet (worn)
 y - a scarf of spirit shield (worn)
Wands
 o - a wand of iceblast (3)
Scrolls
 h - 2 scrolls of amnesia {unknown}
 m - 8 scrolls of teleportation
 p - 4 scrolls of remove curse {unknown}
 r - a scroll of identify {unknown}
 s - a scroll of fear {unknown}
 w - a scroll of noise {unknown}
Potions
 i - a potion of haste {unknown}
 k - a potion of agility {unknown}
 l - a potion of curing {unknown}
 n - 2 potions of brilliance {unknown}
 t - a potion of flight {unknown}
 v - a potion of lignification {unknown}
 x - 2 potions of cancellation {unknown}
Comestibles
 g - 14 rations


   Skills:
 + Level 3.5 Fighting
 * Level 5.5 Short Blades
 + Level 3.5 Throwing
 - Level 1.2 Dodging
 - Level 5.3 Stealth


You had 4 spell levels left.
You didn't know any spells.
Your spell library was empty.

Dungeon Overview and Level Annotations

Branches:
Dungeon (4/15)             Temple (1/1) D:4

Altars:
Ashenzari
Cheibriados
Dithmenos
Fedhas
Hepliaklqana
Kikubaaqudgha
Makhleb
Nemelex Xobeh
Okawaru
Qazlal
Trog
Uskayaw
Wu Jian
Xom
Yredelemnul
Zin
The Shining One

Shops:
D:4 :


Innate Abilities, Weirdness & Mutations

You are small and have problems with some larger weapons.
You are carnivorous and can eat meat at any time.


Message History

The orc wizard hits you but does no damage.
You hit the orc wizard.
The orc wizard is moderately wounded.
The orc closely misses you. The orc wizard misses you.
You hit the orc wizard but do no damage.
The orc wizard looks as sick as possible!
The orc wizard is heavily wounded.
The orc wizard casts a spell.
The orc wizard blinks!
The orc hits you with a +0 flail.
You hit the orc wizard.
The orc wizard looks as sick as possible!
The orc wizard is severely wounded.
The orc wizard casts a spell at you. The magic dart hits you!
* * * LOW HITPOINT WARNING * * *
You barely miss the orc wizard.
The orc wizard is severely wounded.
The orc wizard casts a spell at you. The magic dart hits you!
You die...

#.[..## #.#.##
#.#.# #.#.#
#.#.#######
#.#........
#.#.#####.#
#########.#.#
....ooo@o.#.#####.#
#########.........#
################
..........
.#..#..#..#.
............
.#..#..#..#.
..........
###########


You could see an orc wizard and 3 orcs.

Vanquished Creatures
  An orc priest (D:3)
  2 orc wizards
  2 adders
  An ooze (D:4)
  An adder zombie (D:4)
  4 worms
  A dart slug (D:1)
  A leopard gecko (D:2)
  7 orcs
  3 bats
  A goblin (D:3)
  7 hobgoblins
  2 jackals (D:2)
  3 frilled lizards
  3 kobolds (D:1)
  5 rats
44 creatures vanquished.

Notes
Turn   | Place    | Note
-------+----------+-------------------------------------------
     0 | D:1      | LostNumber the Kobold Assassin began the quest for the Orb.
     0 | D:1      | Reached XP level 1. HP: 12/12 MP: 1/1
    81 | D:1      | Reached XP level 2. HP: 18/18 MP: 2/2
   887 | D:2      | Reached XP level 3. HP: 21/22 MP: 3/3
  1477 | D:2      | Found a burning altar of Makhleb.
  1681 | D:2      | Found a sparkling altar of Nemelex Xobeh.
  1682 | D:2      | Found an ornate altar of the Wu Jian Council.
  1814 | D:3      | Noticed a dagger
  1814 | D:3      | Noticed a dagger
  1825 | D:3      | Found a hide-covered altar of Uskayaw.
  1869 | D:3      | Reached XP level 4. HP: 27/27 MP: 4/4
  2437 | D:3      | Reached XP level 5. HP: 8/32 MP: 5/5
  2717 | D:3      | Reached skill level 5 in Short Blades
  2792 | D:3      | Found a faded altar of an unknown god.
  3010 | D:4      | Found an opulent altar of Gozag.
  3012 | D:4      | Found a shadowy altar of Dithmenos.
  3012 | D:4      | Found a hazy altar of Hepliaklqana.
  3014 | D:4      | Found a shimmering altar of Xom.
  3014 | D:4      | Found a blossoming altar of Fedhas.
  3014 | D:4      | Found an ornate altar of the Wu Jian Council.
  3096 | D:4      | Found Otoizeth's Book Shoppe.
  3349 | D:4      | Found a shadowy altar of Dithmenos.
  3352 | D:4      | Found a basalt altar of Yredelemnul.
  3407 | D:4      | Found a staircase to the Ecumenical Temple.
  3416 | Temple   | Entered the Ecumenical Temple
  3544 | Temple   | Became a worshipper of Warmaster Okawaru
  3598 | D:4      | Found a stormy altar of Qazlal.
  3643 | D:4      | Killed from afar by an orc wizard

Vault maps used:
D:1:      minmay_arrival_jagged, minmay_tetromino_t4
D:2:      lemuel_doored_altar, grunt_temple_overflow_open,
          grunt_decor_mini_mirrors, dk_vineyard_1, minmay_misc_feat_four_crosses
D:3:      dancing_weapons_uskayaw, chequers_ecumenical_altar_island
D:4:      doesnt_xom_only_xom, lemuel_crystal_altar,
          nicolae_overflow_hidden_temple, lemuel_temple_firewalk_b,
          serial_shops, kennysheep_mini, serial_glass, glass_columns_a,
          glass_columns_a, first_ration, columned_hall_lemuel
Temple:   minmay_temple_curvy_loop

Skill      XL: |  1  2  3  4  5 |
---------------+----------------+-----
Short Blades   | 3 4 5 |  5.5
Fighting       | 3 |  3.5
Throwing       | 3 |  3.5
Dodging        | |  1.2
Stealth        | |  5.3

Action                   |  1- 3 |  4- 6 || total
-------------------------+-------+-------++-------
Melee: Dagger            |   148 |    85 ||   233
 Fire: Blowgun           |    11 |    10 ||    21
  Use: Scroll            |       |     1 ||     1
 Stab: Sleeping          |     1 |       ||     1
       Distracted        |       |     1 ||     1
  Eat: Chunk             |    11 |     1 ||    12
Armor: Robe              |     3 |       ||     3
       Ring mail         |    22 |    24 ||    46
Dodge: Dodged            |    74 |    31 ||   105

Table legend:
 A = Non-vault XP
 B = Vault XP
 C = Vault XP percentage of total XP
 D = Non-vault monster count
 E = Vault monster count
 F = Vault count percentage of total count
                 A         B        C        D         E       F
            +---------+---------+-------+---------+---------+-------
      Total |     239 |       4 |   1.6 |      42 |       2 |   4.5
            +---------+---------+-------+---------+---------+-------
        D:1 |      20 |       4 |  16.7 |      10 |       2 |  16.7
        D:2 |      47 |       0 |   0.0 |      16 |       0 |   0.0
        D:3 |     120 |       0 |   0.0 |      12 |       0 |   0.0
        D:4 |      52 |       0 |   0.0 |       4 |       0 |   0.0
            +---------+---------+-------+---------+---------+-------
